 Dungeon Crawl Stone Soup version 0.30.0-19-g36f170ea60 (webtiles) character file.

Game seed: 4047130170868444710

14431 Graphine the Nimble (level 12, -11/100 HPs)
             Began as a Merfolk Monk on May 28, 2023.
             Was a High Priest of Zin.
             Mangled by a troll (16 damage)
             ... on level 11 of the Dungeon.
             The game lasted 00:30:24 (10420 turns).

Graphine the Nimble (Merfolk Monk)                 Turns: 10420, Time: 00:30:26

Health: -11/100    AC:  5    Str: 16    XL:     12   Next: 16%
Magic:  15/19      EV: 24    Int: 12    God:    Zin [*****.]
Gold:   566        SH:  0    Dex: 25    Spells: 20/20 levels left

rFire   + + .        e - +10 scimitar of Perfectionism {freeze, Drain +Blink rCorr Dex+2}
rCold   + . .        d - orb {light}
rNeg    + . .        p - +0 robe "Duoq" {rF+ rN+}
rPois   ∞            (no helmet)
rElec   +            r - scarf {rC+ rF+}
rCorr   +            f - +1 pair of gloves
SInv    +            b - +0 pair of boots
Will    .....        (no amulet)
Stlth   +            m - ring "Kuubrin" {rElec Str+3 SInv Stlth-}
HPRegen 0.36/turn    (no ring)
MPRegen 0.16/turn

%: no passive effects
@: vitalised, glowing
A: (nimble swimmer 2), mertail
a: Renounce Religion, Evoke Blink, Recite, Vitalisation, Imprison, Sanctuary,
Donate Gold


You were on level 11 of the Dungeon.
You worshipped Zin.
Zin was extremely pleased with you.
You visited 1 branch of the dungeon, and saw 11 of its levels.

You collected 628 gold pieces.
You donated 62 gold pieces to Zin.

Inventory:

Hand Weapons
 e - the +10 scimitar of Perfectionism (weapon) {freeze, Drain +Blink rCorr Dex+2}
   (You acquired it on level 1 of the Dungeon)

   Dex:       It affects your dexterity (+2).
   +Blink:    It lets you blink.
   rCorr:     It protects you from acid and corrosion.
   Drain:     It drains your maximum health when unequipped.
 l - the +3 Elemental Staff {rElec rF+ rC+ AC+3}
   (You found it on level 4 of the Dungeon)

   It enhances your fire, ice, earth and air magic.
   AC:        It affects your AC (+3).
   rF:        It protects you from fire.
   rC:        It protects you from cold.
   rElec:     It insulates you from electricity.
 D - the +8 sling "Pauhoahi" {elec, MP+9}
   (You found it on level 10 of the Dungeon)

   MP:        It affects your magic capacity (+9).
 E - a +0 dagger
Missiles
 j - 2 silver boomerangs (quivered)
 F - 14 boomerangs
 L - 2 throwing nets
Armour
 b - a +0 pair of boots (worn)
 d - an orb of light (worn)
 f - a +1 pair of gloves (worn)
 p - the +0 robe "Duoq" (worn) {rF+ rN+}
   (You found it on level 4 of the Dungeon)

   rF:        It protects you from fire.
   rN:        It protects you from negative energy.
 r - a scarf of resistance (worn)
Jewellery
 g - an amulet of reflection
 m - the ring "Kuubrin" (left hand) {rElec Str+3 SInv Stlth-}
   (You took it off a gnoll bouda on level 4 of the Dungeon)

   [ring of see invisible]

   Str:       It affects your strength (+3).
   rElec:     It insulates you from electricity.
   SInv:      It lets you see invisible.
   Stlth:     It makes you less stealthy.
 n - a ring of fire
 s - a ring of ice
 w - a +6 ring of strength
 I - a +6 ring of intelligence
 K - an amulet of magic regeneration
Wands
 a - a wand of paralysis (8)
 c - a wand of flame (36)
 G - a wand of acid (7)
 N - a wand of mindburst (6)
Scrolls
 q - 2 scrolls of amnesia
 t - 2 scrolls of enchant armour
 y - 2 scrolls of immolation
 A - 2 scrolls of teleportation
Potions
 i - a potion of degeneration
 k - 2 potions of curing
 u - 3 potions of attraction
 v - a potion of haste
 x - a potion of magic
 z - a potion of might
 B - 4 potions of resistance
 C - a potion of cancellation
 H - a potion of lignification
 O - 3 potions of mutation
 Q - a potion of brilliance
 R - a potion of invisibility {unknown}
Miscellaneous
 o - a condenser vane (inert)
 J - a phial of floods (inert)
 M - a phantom mirror (inert)


   Skills:
 + Level 11.1 Fighting
 + Level 12.0 Long Blades
 + Level 13.1 Dodging
 + Level 4.8 Spellcasting
 + Level 5.2 Summonings
 + Level 7.0 Invocations


You had 20 spell levels left.
You didn't know any spells.
Your spell library contained the following spells:

 Spells                   Type           Power      Damage    Failure   Level
 Call Imp                 Summ           30%        N/A       3%          2
 Magic Dart               Conj           8%         1d3       21%         1
 Sandblast                Erth           4%         2d4       21%         1
 Blink                    Tloc           4%         N/A       30%         2
 Ensorcelled Hibernation  Hex/Ice        4%         N/A       30%         2
 Lesser Beckoning         Tloc           4%         N/A       30%         2
 Momentum Strike          Conj/Tloc      4%         3d8       30%         2
 Passwall                 Tmut/Erth      1%         N/A       30%         2
 Inner Flame              Hex/Fire       2%         N/A       52%         3
 Mephitic Cloud           Conj/Pois/Air  2%         N/A       52%         3
 Spider Form              Tmut/Pois      2%         N/A       52%         3
 Stone Arrow              Conj/Erth      4%         3d7       52%         3
 Summon Ice Beast         Ice/Summ       9%         N/A       56%         4
 Summon Mana Viper        Hex/Summ       9%         N/A       88%         5
 Anguish                  Hex/Necr       1%         N/A       90%         4
 Cause Fear               Hex            1%         N/A       90%         4
 Leda's Liquefaction      Hex/Erth       1%         N/A       90%         4
 Lee's Rapid Deconstruct  Erth           1%         3d4*      99%         5
 Yara's Violent Unravell  Hex/Tmut       1%         3d3       99%         5
 Statue Form              Tmut/Erth      1%         N/A       100%        6
 Dragon Form              Tmut           1%         N/A       100%        7
 Enfeeble                 Hex            1%         N/A       100%        7
 Monstrous Menagerie      Summ           7%         N/A       100%        7
 Chain Lightning          Conj/Air       1%         3d1       100%        9
 Dragon's Call            Summ           7%         N/A       100%        9
 Fire Storm               Conj/Fire      1%         7d1       100%        9
 Shatter                  Erth           1%         3d5*      100%        9


Dungeon Overview and Level Annotations

Branches:
Dungeon (11/15)            Temple (0/1) D:7
   Lair: D:8-11         Orc: D:9-12

Altars:
Makhleb
Nemelex Xobeh
Qazlal
Sif Muna
Zin

Annotations:
D:4 2 runed translucent doors


Innate Abilities, Weirdness & Mutations

((You are very nimble when in or above water. (Stealth+, EV+, Speed+++)))
Your lower body shifts to a powerful aquatic tail in water.


Message History

* * * LOW HITPOINT WARNING * * *
You see here a +0 rapier of speed.
You are too injured to fight recklessly!
Hit: e) +10 scimitar of Perfectionism {freeze, Drain +Blink rCorr Dex+2}
Press: ? - help, Dir - move target, f - wolf
Aim: a wolf (haloed, about 23% to evade the +10 scimitar of Perfectionism)
You hit the wolf. You freeze the wolf.
The wolf is moderately wounded.
The wolf barely misses you. The wolf completely misses you.
Okay, then.
Okay, then.
Zin grants you divine stamina. The wolf closely misses you.
Okay, then.
Okay, then.
Okay, then.
There are monsters nearby!
Activating: Sanctuary (38% risk of failure)
Press: ? - help, Dir - look around, f - activate You hear a choir sing!
By Zin's power, all blood is cleared from the sanctuary.
The monsters scatter in all directions!
Zin will no longer cleanse your potions of mutation.
The troll supplicates, "Please don't kill me!"
As you read the scroll of identify, it crumbles to dust.
Q - a potion of brilliance
Okay, then.
You start removing your amulet.
You continue taking off your amulet of magic regeneration. x4
You finish taking off your amulet of magic regeneration.
You start putting on your amulet.
You continue putting on your amulet of reflection. x3
The sanctuary disappears.
You continue putting on your amulet of reflection.
The wolf bites you.
* * * LOW HITPOINT WARNING * * *
The wolf bites you.
* * * LOW HITPOINT WARNING * * *
The troll bites you!
You die...

...
####......?##
#.. .#
#cT.....)< ..
##..(....#
#)#^..#...##
# #h...##.##
#.#...# .#
...####.# D#
.......h##T#
......cWh@.#
..##########


You could see a troll, an acid dragon, a shadow (invisible), 2 wolves and a
centaur.

Vanquished Creatures
  2 two-headed ogres (D:9)
  4 centaur zombies (D:10)
  An unseen horror (D:10)
  2 unseen horror zombies (D:10)
  A rime drake (D:11)
  A troll (D:8)
  Grinder (D:5)
  A meliai zombie (D:10)
  A wyvern (D:8)
  2 vampires (D:9)
  Sigmund (D:6)
  18 yaks
  3 shadows (D:10)
  4 wraiths
  2 vampire mosquitoes (D:11)
  Edmund (D:6)
  2 acid dragons
  2 water moccasins
  A black bear (D:6)
  An ice beast (D:11)
  11 orc warriors
  3 ogres
  2 sky beasts
  9 centaurs
  A phantom (D:7)
  6 bullfrogs
  7 scorpions
  A gnoll sergeant (D:9)
  5 wights
  21 killer bees
  3 electric eels
  7 orc priests
  3 hounds
  A jelly (D:3)
  A gnoll bouda (D:4)
  4 sleepcaps
  8 orc wizards
  2 howler monkey zombies (D:10)
  6 gnolls
  8 adders
  A river rat (D:6)
  A shadow imp (D:7)
  A white imp (D:7)
  2 ufetubi
  4 worms
  2 dart slugs
  41 orcs
  6 bats
  7 endoplasms
  4 giant cockroaches
  11 goblins
  5 hobgoblins
  12 jackals
  7 kobolds
  6 quokkas
  8 ball pythons
  A frilled lizard (D:1)
  6 rats
285 creatures vanquished.

Notes
Turn   | Place    | Note
-------+----------+-------------------------------------------
     0 | D:1      | Graphine the Merfolk Monk began the quest for the Orb.
     0 | D:1      | Reached XP level 1. HP: 18/18 MP: 1/1
    52 | D:1      | Reached XP level 2. HP: 19/24 MP: 2/2
   268 | D:1      | Found a faded altar of an unknown god.
   295 | D:1      | Prayed at the altar of an unknown god.
   295 | D:1      | Became a worshipper of Zin the Law-Giver
   295 | D:1      | Reached * piety under Zin
   295 | D:1      | Reached ** piety under Zin
   530 | D:1      | Reached XP level 3. HP: 29/30 MP: 3/3
   530 | D:1      | Identified a scroll of acquirement
   530 | D:1      | Acquired the +10 scimitar of Perfectionism {freeze, Drain
                  | +Blink rCorr Dex+2}
   599 | D:1      | Reached *** piety under Zin
  1269 | D:2      | Reached XP level 4. HP: 37/37 MP: 4/4
  1576 | D:2      | Reached skill level 5 in Dodging
  1891 | D:3      | Reached **** piety under Zin
  2556 | D:3      | Reached XP level 5. HP: 43/43 MP: 5/5
  2776 | D:4      | Reached skill level 5 in Long Blades
  2886 | D:4      | Reached skill level 6 in Dodging
  2886 | D:4      | Reached XP level 6. HP: 50/50 MP: 6/6
  2889 | D:4      | Reached skill level 5 in Fighting
  2894 | D:4      | Reached ***** piety under Zin
  2937 | D:4      | Found a large runed translucent door.
  2937 | D:4      | Found a large runed translucent door.
  2941 | D:4      | Found the +3 Elemental Staff {rElec rF+ rC+ AC+3}
  2946 | D:4      | Found a large runed translucent door.
  2946 | D:4      | Found a large runed translucent door.
  2947 | D:4      | Noticed a yak
  2967 | D:4      | Found a shimmering blue altar of Sif Muna.
  3047 | D:4      | Killed a yak
  3048 | D:4      | Reached skill level 7 in Dodging
  3048 | D:4      | Reached XP level 7. HP: 18/57 MP: 7/7
  3251 | D:4      | Identified the ring "Kuubrin" {rElec Str+3 SInv Stlth-}
  3396 | D:4      | Reached XP level 8. HP: 65/65 MP: 8/8
  3558 | D:4      | Reached skill level 8 in Dodging
  3622 | D:4      | Identified the +0 robe "Duoq" {rF+ rN+}
  3710 | D:5      | Entered Level 5 of the Dungeon
  3710 | D:5      | Noticed Grinder
  3720 | D:5      | Paralysed by Grinder for 2 turns
  3723 | D:5      | Paralysed by Grinder for 2 turns
  3726 | D:5      | Killed Grinder
  4200 | D:5      | Reached skill level 9 in Dodging
  4932 | D:6      | Reached XP level 9. HP: 69/74 MP: 9/9
  5315 | D:6      | Noticed Edmund
  5324 | D:6      | Killed Edmund
  5740 | D:6      | Noticed Sigmund
  5746 | D:6      | Killed Sigmund
  5747 | D:6      | Reached skill level 10 in Dodging
  5974 | D:7      | Found a staircase to the Ecumenical Temple.
  6118 | D:7      | Found a stormy altar of Qazlal.
  6119 | D:7      | Found a burning altar of Makhleb.
  6173 | D:7      | Reached skill level 1 in Invocations
  6193 | D:7      | Reached ****** piety under Zin
  6614 | D:8      | Reached skill level 10 in Long Blades
  6614 | D:8      | Reached XP level 10. HP: 20/83 MP: 12/12
  6615 | D:8      | Reached skill level 11 in Dodging
  6896 | D:8      | Reached skill level 1 in Spellcasting
  6896 | D:8      | Reached skill level 1 in Summonings
  7132 | D:8      | Found a sparkling altar of Nemelex Xobeh.
  7795 | D:9      | Reached skill level 5 in Invocations
  7913 | D:9      | Reached skill level 10 in Fighting
  7936 | D:9      | Reached XP level 11. HP: 33/90 MP: 15/15
  7952 | D:9      | Reached skill level 12 in Dodging
  8330 | D:9      | Noticed a two-headed ogre
  8336 | D:9      | Killed a two-headed ogre
  8804 | D:10     | Entered Level 10 of the Dungeon
  8804 | D:10     | Noticed a two-headed ogre
  8813 | D:9      | Killed a two-headed ogre
  8814 | D:9      | Zin protects you from harm!
  9908 | D:10     | Reached XP level 12. HP: 47/99 MP: 18/18
  9996 | D:10     | Reached skill level 5 in Summonings
 10004 | D:10     | Identified the +8 sling "Pauhoahi" {elec, MP+9}
 10353 | D:11     | Reached skill level 13 in Dodging
 10370 | D:11     | Noticed a two-headed ogre
 10374 | D:11     | HP: 5/100 [troll (8)]
 10379 | D:11     | HP: 5/100 [acid dragon (2)]
 10405 | D:11     | HP: 5/100 [centaur/arrow (9)]
 10420 | D:11     | HP: 5/100 [wolf (3)]
 10420 | D:11     | Mangled by a troll

Illustrated notes

Levels and vault maps discovered:
D:1:      sevenhm_arrival_forest_fort_large_4, layout_loops_corners,
          nicolae_ecumenical_lake_church, minmay_misc_feat_rugged,
          hangedman_decor_riveting
D:2:      layout_basic, minmay_close_crescents
D:3:      layout_basic, kennysheep_path_1, kennysheep_generic_room_11
D:4:      cheibrodos_pilgrimage, layout_cave_pools, kennysheep_orc_sif_temple,
          minmay_hollow_rounded_squares
D:5:      layout_layer_cave, uniq_grinder
D:6:      layout_basic, gup_sewer_entry_spiral, minmay_crystal_water,
          uniq_edmund, uniq_sigmund
D:7:      layout_loops_ring, gammafunk_temple_overflow_statue,
          minmay_temple_entry_hall
D:8:      cheibrodos_barr_body, layout_cave_pools,
          nicolae_overflow_hidden_temple
D:9:      layout_long_grid
D:10:     nicolae_moon_pools, layout_cross, enter_bailey_5, serial_undead,
          serial_undead_f, serial_undead_c, serial_undead_c, serial_undead_b,
          serial_undead_a
D:11:     dreamdust_dug_too_deep, layout_loops_ring, hellmonk_lair_entry_icy

Skill      XL: |  1  2  3  4  5  6  7  8  9 10 11 12 |
---------------+-------------------------------------+-----
Long Blades    | 4 5 6 7 8 10 11 12 | 12.0
Fighting       | 4 5 6 7 9 10 11 | 11.1
Dodging        | 5 6 7 9 10 11 12 13 | 13.1
Invocations    | 3 5 6 7 |  7.0
Spellcasting   | 2 4 |  4.8
Summonings     | 3 4 5 |  5.2

Action                     |  1- 3 |  4- 6 |  7- 9 | 10-12 || total
---------------------------+-------+-------+-------+-------++-------
  Melee: Falchion          |    38 |       |       |       ||    38
         Short sword       |     1 |       |       |       ||     1
         Scimitar          |    24 |    73 |   152 |   291 ||   540
         Tailslap          |       |       |       |    17 ||    17
 Invoke: Vitalisation      |       |       |       |     1 ||     1
         Sanctuary         |       |       |       |     1 ||     1
Ability: Evoke Blink       |     1 |     1 |       |       ||     2
  Evoke: Wand              |       |       |     1 |     1 ||     2
         Condenser vane    |       |       |       |     2 ||     2
         Phial of floods   |       |       |       |     2 ||     2
         Phantom mirror    |       |       |       |     1 ||     1
    Use: Scroll            |     2 |     2 |     4 |    13 ||    21
         Potion            |       |       |       |     5 ||     5
   Stab: Sleeping          |       |       |     1 |       ||     1
 Armour: Robe              |    14 |    11 |    12 |    31 ||    68
  Dodge: Dodged            |    44 |    48 |    75 |   398 ||   565
  Block: Orb               |     4 |    10 |    29 |    13 ||    56
         Reflection        |       |     3 |     3 |       ||     6
